[ AOE2 MATCH · #480674557 ]
Team RMChinese vs Armenians
[ REPLAY ANALYSIS · EXTRACTED FROM THE RECORDED GAME ]
Feudal
18:59
Castle
—
Imperial
—
| APM avg | 15.1 |
| APM peak | 72 |
| eAPM avg | 8.1 |
| Villagers / military | 29 / 0 |
Focus
⚔️ 11.9% · 🌾 88.1%
Feudal
12:16
Castle
19:19
Imperial
—
| APM avg | 10.5 |
| APM peak | 45 |
| eAPM avg | 4.8 |
| Villagers / military | 21 / 4 |
Focus
⚔️ 14.0% · 🌾 86.0%
Militia ×4
Feudal
11:29
Castle
17:49
Imperial
—
| APM avg | 13.6 |
| APM peak | 36 |
| eAPM avg | 9.4 |
| Villagers / military | 64 / 1 |
Focus
⚔️ 9.0% · 🌾 91.0%
Fishing Ship ×6 · Demolition Raft ×1
Feudal
14:20
Castle
22:20
Imperial
—
| APM avg | 9.3 |
| APM peak | 22 |
| eAPM avg | 6.3 |
| Villagers / military | 36 / 0 |
Focus
⚔️ 12.7% · 🌾 87.3%
Feudal
12:50
Castle
18:52
Imperial
—
| APM avg | 20.0 |
| APM peak | 42 |
| eAPM avg | 8.9 |
| Villagers / military | 46 / 1 |
Focus
⚔️ 6.1% · 🌾 93.9%
Mameluke ×1
Feudal
—
Castle
—
Imperial
—
| APM avg | 5.9 |
| APM peak | 59 |
| eAPM avg | 3.2 |
| Villagers / military | 10 / 0 |
Focus
⚔️ 0.0% · 🌾 100.0%
Feudal
14:57
Castle
22:05
Imperial
—
| APM avg | 20.3 |
| APM peak | 58 |
| eAPM avg | 10.5 |
| Villagers / military | 24 / 0 |
Focus
⚔️ 16.3% · 🌾 83.7%
Feudal
16:52
Castle
21:47
Imperial
—
| APM avg | 29.4 |
| APM peak | 70 |
| eAPM avg | 16.8 |
| Villagers / military | 56 / 3 |
Focus
⚔️ 1.8% · 🌾 98.2%
Fishing Ship ×5 · Militia ×3 · Trade Cart ×3
Match map
Resources at game start + every placement click. Thick line = wall · dashed box = detected house wall. 🟡 gold · ⚪ stone · 🟢 berries · 🔶 boar · ⭕ relic
Inputs per minute
— 喜多川海梦 - - Smeagle
Build order — 喜多川海梦
55 actions detected in the replay
| 2:37 | Build | Mining Camp |
| 2:57 | Build | House |
| 4:04 | Create | Villager (Male) |
| 5:29 | Create | Villager (Male) |
| 6:33 | Create | Villager (Male) |
| 7:12 | Create | Villager (Male) |
| 7:48 | Create | Villager (Male) |
| 8:31 | Create | Villager (Male) |
| 9:00 | Create | Villager (Male) |
| 9:30 | Create | Villager (Male) |
| 9:47 | Create | Villager (Male) |
| 10:44 | Create | Villager (Male) |
| 10:44 | Create | Villager (Male) |
| 10:45 | Create | Villager (Male) |
| 10:45 | Create | Villager (Male) |
| 11:42 | Build | Mill |
| 12:05 | Create | Villager (Male) |
| 12:37 | Build | House |
| 12:38 | Build | House |
| 12:39 | Build | House |
| 13:19 | Create | Villager (Male) |
| 13:19 | Create | Villager (Male) |
| 13:20 | Create | Villager (Male) |
| 13:20 | Create | Villager (Male) |
| 13:20 | Create | Villager (Male) |
| 13:39 | Create | Villager (Male) |
| 15:40 | Build | Farm |
| 15:40 | Build | Farm |
| 16:03 | Build | Farm |
| 16:03 | Build | Farm |
| 16:37 | Build | Lumber Camp |
| 16:49 | Research | Feudal Age |
| 18:47 | Create | Villager (Male) |
| 18:47 | Create | Villager (Male) |
| 18:47 | Create | Villager (Male) |
| 18:48 | Create | Villager (Male) |
| 18:48 | Create | Villager (Male) |
| 18:48 | Create | Villager (Male) |
| 18:48 | Create | Villager (Male) |
| 18:49 | Create | Villager (Male) |
| 18:49 | Create | Villager (Male) |
| 18:59 | Age | Feudal Age |
| 19:30 | Build | Farm |
| 19:45 | Build | Farm |
| 20:02 | Build | House |
| 20:03 | Build | House |
| 20:04 | Build | House |
| 20:12 | Build | Farm |
| 20:34 | Build | Farm |
| 21:03 | Build | Farm |
| 21:16 | Build | Farm |
| 21:45 | Build | Farm |
| 22:04 | Build | Farm |
| 22:26 | Build | Farm |
| 23:41 | Build | Blacksmith |
Build order — Smeagle
59 actions detected in the replay
| 0:05 | Research | Loom |
| 0:05 | Create | Villager (Male) ×4 |
| 0:19 | Build | House |
| 0:20 | Build | House |
| 0:21 | Build | House |
| 2:25 | Create | Villager (Male) |
| 2:26 | Create | Villager (Male) |
| 3:04 | Create | Villager (Male) |
| 3:04 | Create | Villager (Male) |
| 3:05 | Create | Villager (Male) |
| 4:00 | Create | Villager (Male) |
| 4:00 | Create | Villager (Male) |
| 4:00 | Create | Villager (Male) |
| 4:39 | Create | Villager (Male) |
| 4:39 | Create | Villager (Male) |
| 4:39 | Create | Villager (Male) |
| 5:41 | Build | Mill |
| 5:44 | Create | Villager (Male) |
| 5:44 | Create | Villager (Male) |
| 5:44 | Create | Villager (Male) |
| 5:45 | Create | Villager (Male) |
| 5:45 | Create | Villager (Male) |
| 5:51 | Create | Villager (Male) |
| 7:09 | Build | Palisade Wall |
| 7:30 | Build | Lumber Camp |
| 8:34 | Build | Palisade Wall |
| 10:06 | Research | Feudal Age |
| 10:18 | Build | Palisade Wall |
| 10:49 | Build | Palisade Wall |
| 11:10 | Build | Mining Camp |
| 12:16 | Age | Feudal Age |
| 12:28 | Build | Outpost |
| 12:59 | Build | Market |
| 13:03 | Build | Blacksmith |
| 13:28 | Build | House |
| 13:29 | Build | House |
| 13:30 | Build | House |
| 13:31 | Build | House |
| 13:33 | Build | House |
| 13:38 | Build | House |
| 16:36 | Build | Mill |
| 16:39 | Research | Castle Age |
| 16:57 | Build | Mining Camp |
| 18:01 | Build | Barracks |
| 18:21 | Research | Double-Bit Axe |
| 19:19 | Age | Castle Age |
| 19:23 | Research | Man-at-Arms (upgrade) |
| 19:38 | Research | Wheelbarrow |
| 20:29 | Create | Militia |
| 20:29 | Create | Militia |
| 20:29 | Create | Militia |
| 20:29 | Create | Militia |
| 20:43 | Build | Watch Tower |
| 20:58 | Build | Farm |
| 20:59 | Build | Farm |
| 21:01 | Build | Farm |
| 21:04 | Build | Farm |
| 21:43 | Research | Long Swordsman (upgrade) |
| 22:23 | Build | Lumber Camp |
Build order — 家恒
125 actions detected in the replay
| 0:04 | Build | House |
| 0:05 | Build | House |
| 0:07 | Build | House |
| 0:08 | Create | Villager (Male) |
| 0:08 | Create | Villager (Male) |
| 0:09 | Create | Villager (Male) |
| 0:09 | Create | Villager (Male) |
| 0:09 | Create | Villager (Male) |
| 1:33 | Create | Villager (Male) |
| 1:44 | Research | Loom |
| 1:45 | Create | Villager (Male) |
| 2:14 | Create | Villager (Male) |
| 2:47 | Create | Villager (Male) |
| 3:07 | Create | Villager (Male) |
| 3:22 | Create | Villager (Male) |
| 4:20 | Create | Villager (Male) |
| 4:44 | Create | Villager (Male) |
| 5:04 | Create | Villager (Male) |
| 5:09 | Build | Lumber Camp |
| 5:20 | Create | Villager (Male) |
| 5:54 | Create | Villager (Male) |
| 6:29 | Create | Villager (Male) |
| 6:56 | Create | Villager (Male) |
| 7:08 | Build | Mill |
| 7:24 | Build | Dock |
| 7:28 | Create | Villager (Male) |
| 7:35 | Build | House |
| 7:36 | Build | House |
| 7:40 | Create | Villager (Male) |
| 8:15 | Create | Fishing Ship |
| 8:17 | Create | Fishing Ship |
| 8:28 | Create | Villager (Male) |
| 8:54 | Create | Villager (Male) |
| 9:12 | Research | Feudal Age |
| 9:53 | Create | Fishing Ship |
| 9:53 | Create | Fishing Ship |
| 10:01 | Build | Mill |
| 10:27 | Build | Mining Camp |
| 11:09 | Create | Fishing Ship |
| 11:24 | Build | House |
| 11:25 | Build | House |
| 11:29 | Age | Feudal Age |
| 11:31 | Create | Villager (Male) |
| 11:39 | Research | Double-Bit Axe |
| 11:54 | Create | Villager (Male) |
| 12:20 | Create | Villager (Male) |
| 12:24 | Build | Farm |
| 12:41 | Create | Demolition Raft |
| 12:45 | Create | Fishing Ship |
| 12:48 | Create | Villager (Male) |
| 13:04 | Build | Blacksmith |
| 13:17 | Create | Villager (Male) |
| 13:34 | Build | Market |
| 13:43 | Create | Villager (Male) |
| 14:13 | Create | Villager (Male) |
| 14:44 | Create | Villager (Male) |
| 15:06 | Research | Castle Age |
| 15:13 | Build | Farm |
| 15:13 | Build | Farm |
| 15:13 | Build | Farm |
| 15:14 | Build | Farm |
| 15:14 | Build | Farm |
| 15:15 | Build | Farm |
| 15:18 | Build | Farm |
| 15:36 | Build | Fish Trap |
| 15:43 | Build | Fish Trap |
| 16:04 | Build | Fish Trap |
| 16:24 | Build | Fish Trap |
| 16:43 | Build | Fish Trap |
| 16:51 | Build | Fish Trap |
| 17:20 | Build | House |
| 17:21 | Build | House |
| 17:22 | Build | House |
| 17:22 | Build | House |
| 17:24 | Build | House |
| 17:49 | Age | Castle Age |
| 17:56 | Build | Town Center |
| 18:20 | Create | Villager (Male) |
| 18:20 | Create | Villager (Male) |
| 18:44 | Create | Villager (Male) |
| 18:46 | Create | Villager (Male) |
| 19:07 | Build | Town Center |
| 19:14 | Create | Villager (Male) |
| 19:16 | Create | Villager (Male) |
| 19:23 | Build | Mining Camp |
| 19:33 | Create | Villager (Male) |
| 19:34 | Create | Villager (Male) |
| 19:39 | Research | Tech 906 |
| 19:49 | Create | Villager (Male) |
| 20:00 | Create | Villager (Male) |
| 20:02 | Create | Villager (Male) |
| 20:07 | Create | Villager (Male) |
| 20:29 | Create | Villager (Male) |
| 20:41 | Create | Villager (Male) |
| 20:41 | Create | Villager (Male) |
| 20:43 | Create | Villager (Male) |
| 20:47 | Build | Farm |
| 20:47 | Build | Farm |
| 20:47 | Build | Farm |
| 20:48 | Build | Farm |
| 20:55 | Build | Farm |
| 20:55 | Build | Farm |
| 21:04 | Build | Farm |
| 21:54 | Create | Villager (Male) |
| 21:55 | Create | Villager (Male) |
| 21:55 | Create | Villager (Male) |
| 21:55 | Create | Villager (Male) |
| 21:56 | Create | Villager (Male) |
| 21:58 | Create | Villager (Male) |
| 22:00 | Create | Villager (Male) |
| 22:09 | Create | Villager (Male) |
| 22:10 | Create | Villager (Male) |
| 22:10 | Create | Villager (Male) |
| 22:24 | Build | Town Center |
| 22:35 | Build | Town Center |
| 22:38 | Create | Villager (Male) |
| 22:39 | Create | Villager (Male) |
| 22:39 | Create | Villager (Male) |
| 22:40 | Create | Villager (Male) |
| 23:13 | Build | Farm |
| 23:34 | Create | Villager (Male) |
| 23:34 | Create | Villager (Male) |
| 23:35 | Create | Villager (Male) |
| 23:35 | Create | Villager (Male) |
| 23:39 | Build | Farm |
Build order — Reeaal Badman
91 actions detected in the replay
| 0:04 | Research | Loom |
| 0:05 | Create | Villager (Male) |
| 0:05 | Create | Villager (Male) |
| 0:05 | Create | Villager (Male) |
| 0:05 | Create | Villager (Male) |
| 0:11 | Build | House |
| 0:15 | Build | House |
| 1:15 | Build | Palisade Wall |
| 1:45 | Build | Palisade Wall |
| 2:47 | Create | Villager (Male) |
| 3:16 | Create | Villager (Male) |
| 3:59 | Build | Mill |
| 4:18 | Create | Villager (Male) |
| 4:18 | Create | Villager (Male) |
| 4:48 | Create | Villager (Male) |
| 4:49 | Create | Villager (Male) |
| 5:27 | Create | Villager (Male) |
| 5:46 | Build | House |
| 6:12 | Create | Villager (Male) |
| 6:12 | Create | Villager (Male) |
| 6:12 | Create | Villager (Male) |
| 6:24 | Build | House |
| 6:39 | Create | Villager (Male) |
| 7:09 | Create | Villager (Male) |
| 7:53 | Build | Mule Cart |
| 8:18 | Create | Villager (Male) |
| 8:46 | Create | Villager (Male) |
| 9:05 | Create | Villager (Male) |
| 9:23 | Create | Villager (Male) |
| 9:23 | Create | Villager (Male) |
| 9:24 | Create | Villager (Male) |
| 9:56 | Build | Mule Cart |
| 10:19 | Build | House |
| 10:21 | Build | House |
| 11:11 | Build | Farm |
| 11:14 | Build | Farm |
| 11:19 | Build | Farm |
| 11:23 | Create | Villager (Male) |
| 11:33 | Build | Farm |
| 12:10 | Research | Feudal Age |
| 13:52 | Create | Villager (Male) |
| 13:52 | Create | Villager (Male) |
| 13:52 | Create | Villager (Male) |
| 14:20 | Age | Feudal Age |
| 14:46 | Build | Stone Wall |
| 14:54 | Create | Villager (Male) |
| 14:55 | Create | Villager (Male) |
| 15:00 | Build | Farm |
| 15:07 | Build | Farm |
| 15:11 | Build | Farm |
| 15:16 | Build | Farm |
| 15:31 | Build | Mule Cart |
| 15:58 | Create | Villager (Male) |
| 15:58 | Create | Villager (Male) |
| 16:11 | Build | Barracks |
| 16:44 | Build | Stone Wall |
| 17:00 | Build | House |
| 17:03 | Build | House |
| 17:11 | Create | Villager (Male) |
| 17:13 | Create | Villager (Male) |
| 17:19 | Create | Villager (Male) |
| 17:20 | Create | Villager (Male) |
| 17:34 | Build | Blacksmith |
| 17:50 | Build | Market |
| 17:56 | Create | Villager (Male) |
| 18:10 | Build | Barracks |
| 18:48 | Build | Farm |
| 18:49 | Build | Farm |
| 18:51 | Build | Farm |
| 18:54 | Build | Farm |
| 18:56 | Research | Horse Collar |
| 19:07 | Build | House |
| 19:08 | Build | House |
| 19:10 | Build | House |
| 19:15 | Create | Villager (Male) |
| 19:23 | Research | Castle Age |
| 20:08 | Research | Man-at-Arms (upgrade) |
| 20:08 | Research | Arson |
| 20:15 | Build | Barracks |
| 20:22 | Build | Farm |
| 20:56 | Research | Double-Bit Axe |
| 21:08 | Build | Farm |
| 21:21 | Build | Farm |
| 21:35 | Research | Long Swordsman (upgrade) |
| 21:39 | Research | Forging |
| 21:40 | Research | Scale Mail Armor |
| 21:46 | Build | Farm |
| 22:14 | Research | Stone Mining |
| 22:20 | Age | Castle Age |
| 22:52 | Research | Gambesons |
| 22:53 | Research | Squires |
Build order — Up1set
92 actions detected in the replay
| 0:03 | Build | House |
| 0:06 | Build | House |
| 0:06 | Create | Villager (Male) |
| 0:07 | Create | Villager (Male) |
| 0:07 | Create | Villager (Male) |
| 0:07 | Create | Villager (Male) |
| 0:07 | Create | Villager (Male) |
| 2:03 | Create | Villager (Male) |
| 2:29 | Create | Villager (Male) |
| 2:46 | Create | Villager (Male) |
| 3:03 | Build | Mill |
| 3:35 | Build | Palisade Wall |
| 3:38 | Create | Villager (Male) |
| 3:49 | Create | Villager (Male) |
| 4:28 | Create | Villager (Male) |
| 4:50 | Build | Palisade Wall |
| 4:51 | Create | Villager (Male) |
| 5:23 | Create | Villager (Male) |
| 5:23 | Create | Villager (Male) |
| 5:24 | Create | Villager (Male) |
| 6:11 | Build | House |
| 6:46 | Build | House |
| 7:10 | Build | Lumber Camp |
| 7:15 | Create | Villager (Male) |
| 7:58 | Build | Mining Camp |
| 8:00 | Create | Villager (Male) |
| 8:52 | Create | Villager (Male) |
| 9:06 | Create | Villager (Male) |
| 9:37 | Build | House |
| 9:46 | Create | Villager (Male) |
| 10:10 | Create | Villager (Male) |
| 10:15 | Create | Villager (Male) |
| 10:35 | Research | Feudal Age |
| 11:27 | Build | Building 800 |
| 11:49 | Build | Farm |
| 12:19 | Build | Farm |
| 12:25 | Create | Villager (Male) |
| 12:40 | Build | Farm |
| 12:50 | Age | Feudal Age |
| 13:06 | Create | Villager (Male) |
| 13:28 | Create | Villager (Male) |
| 13:46 | Build | Mining Camp |
| 13:48 | Create | Villager (Male) |
| 13:56 | Build | House |
| 14:22 | Create | Villager (Male) |
| 14:39 | Create | Villager (Male) |
| 14:46 | Create | Villager (Male) |
| 15:13 | Build | Blacksmith |
| 15:20 | Build | Market |
| 15:45 | Create | Villager (Male) |
| 16:12 | Research | Castle Age |
| 16:57 | Build | Farm |
| 17:00 | Build | Farm |
| 17:04 | Build | Farm |
| 17:21 | Build | House |
| 17:24 | Build | House |
| 17:26 | Build | House |
| 17:28 | Build | House |
| 17:30 | Build | House |
| 17:33 | Build | House |
| 17:45 | Build | Farm |
| 18:10 | Research | Horse Collar |
| 18:22 | Research | Double-Bit Axe |
| 18:42 | Create | Villager (Male) |
| 18:52 | Age | Castle Age |
| 18:57 | Create | Villager (Male) |
| 19:21 | Create | Villager (Male) |
| 19:39 | Create | Villager (Male) |
| 19:49 | Build | Farm |
| 20:08 | Build | Castle |
| 20:18 | Create | Villager (Male) |
| 20:23 | Build | Farm |
| 20:32 | Build | University |
| 20:36 | Create | Villager (Male) |
| 20:51 | Research | Heavy Plow |
| 21:21 | Build | Town Center |
| 21:24 | Create | Villager (Male) |
| 21:26 | Create | Villager (Male) |
| 21:26 | Create | Villager (Male) |
| 21:26 | Create | Villager (Male) |
| 21:46 | Build | Mill |
| 22:00 | Build | Farm |
| 22:11 | Research | Scale Barding Armor |
| 22:49 | Build | Farm |
| 22:54 | Create | Villager (Male) |
| 22:56 | Create | Villager (Male) |
| 23:14 | Build | Mining Camp |
| 23:17 | Create | Villager (Male) |
| 23:17 | Create | Villager (Male) |
| 23:17 | Create | Villager (Male) |
| 23:32 | Create | Villager (Male) |
| 23:36 | Create | Mameluke |
Build order — Legolas
13 actions detected in the replay
| 0:02 | Create | Villager (Male) |
| 0:02 | Create | Villager (Male) |
| 0:03 | Create | Villager (Male) |
| 0:04 | Build | House |
| 0:05 | Build | House |
| 0:07 | Build | House |
| 0:40 | Create | Villager (Male) |
| 0:41 | Create | Villager (Male) |
| 1:32 | Create | Villager (Male) |
| 1:32 | Create | Villager (Male) |
| 2:11 | Create | Villager (Male) |
| 2:11 | Create | Villager (Male) |
| 2:48 | Create | Villager (Male) |
Build order — Tsukitech
55 actions detected in the replay
| 0:13 | Research | Loom |
| 1:51 | Build | Mill |
| 2:12 | Build | Palisade Wall |
| 2:14 | Build | Palisade Wall |
| 2:20 | Build | Palisade Wall |
| 4:31 | Create | Villager (Male) |
| 5:15 | Create | Villager (Male) |
| 5:15 | Create | Villager (Male) |
| 5:16 | Create | Villager (Male) |
| 5:16 | Create | Villager (Male) |
| 5:42 | Build | Palisade Wall |
| 5:48 | Build | Palisade Wall |
| 6:06 | Create | Villager (Male) |
| 6:26 | Build | Palisade Wall |
| 6:40 | Create | Villager (Male) |
| 7:26 | Create | Villager (Male) |
| 8:08 | Create | Villager (Male) |
| 8:08 | Create | Villager (Male) |
| 8:49 | Create | Villager (Male) |
| 9:05 | Build | House |
| 9:08 | Create | Villager (Male) |
| 10:11 | Build | House |
| 10:17 | Build | Farm |
| 10:19 | Build | Farm |
| 10:22 | Build | Farm |
| 10:51 | Create | Villager (Male) |
| 11:39 | Build | Lumber Camp |
| 11:42 | Create | Villager (Male) |
| 11:44 | Create | Villager (Male) |
| 12:47 | Research | Feudal Age |
| 14:57 | Age | Feudal Age |
| 15:11 | Build | Mining Camp |
| 15:18 | Build | Farm |
| 15:35 | Create | Villager (Male) |
| 15:35 | Create | Villager (Male) |
| 16:15 | Build | House |
| 16:23 | Build | House |
| 16:28 | Create | Villager (Male) |
| 16:51 | Research | Double-Bit Axe |
| 17:01 | Create | Villager (Male) |
| 17:55 | Create | Villager (Male) |
| 18:08 | Build | Market |
| 18:24 | Build | Blacksmith |
| 18:39 | Create | Villager (Male) |
| 19:07 | Build | Watch Tower |
| 19:25 | Research | Castle Age |
| 19:29 | Build | Farm |
| 19:30 | Create | Villager (Male) |
| 21:51 | Create | Villager (Male) |
| 21:51 | Create | Villager (Male) |
| 22:05 | Age | Castle Age |
| 22:18 | Build | Castle |
| 22:31 | Build | Monastery |
| 22:37 | Build | Farm |
| 23:09 | Build | Farm |
Build order — ksffvbh
110 actions detected in the replay
| 0:06 | Research | Loom |
| 0:17 | Build | House |
| 0:19 | Build | House |
| 0:20 | Build | House |
| 0:28 | Create | Villager (Male) |
| 0:28 | Create | Villager (Male) |
| 0:28 | Create | Villager (Male) |
| 0:29 | Create | Villager (Male) |
| 1:39 | Create | Villager (Male) |
| 1:39 | Create | Villager (Male) |
| 1:49 | Build | House |
| 2:27 | Create | Villager (Male) |
| 2:27 | Create | Villager (Male) |
| 2:44 | Create | Villager (Male) |
| 2:45 | Create | Villager (Male) |
| 2:51 | Build | House |
| 2:53 | Build | House |
| 2:54 | Build | House |
| 2:56 | Build | House |
| 3:23 | Create | Villager (Male) |
| 3:23 | Create | Villager (Male) |
| 3:40 | Create | Villager (Male) |
| 3:40 | Create | Villager (Male) |
| 4:37 | Create | Villager (Male) |
| 4:37 | Create | Villager (Male) |
| 4:40 | Create | Villager (Male) |
| 4:40 | Create | Villager (Male) |
| 4:47 | Create | Villager (Male) |
| 4:48 | Create | Villager (Male) |
| 5:23 | Create | Villager (Male) |
| 5:27 | Create | Villager (Male) |
| 5:27 | Create | Villager (Male) |
| 5:32 | Build | Mill |
| 6:07 | Create | Villager (Male) |
| 6:07 | Create | Villager (Male) |
| 6:09 | Create | Villager (Male) |
| 6:09 | Create | Villager (Male) |
| 6:48 | Create | Villager (Male) |
| 6:48 | Create | Villager (Male) |
| 6:59 | Create | Villager (Male) |
| 7:24 | Create | Villager (Male) |
| 7:24 | Create | Villager (Male) |
| 7:31 | Build | Lumber Camp |
| 8:03 | Create | Villager (Male) |
| 8:03 | Create | Villager (Male) |
| 8:17 | Build | Lumber Camp |
| 8:39 | Create | Villager (Male) |
| 8:39 | Create | Villager (Male) |
| 8:50 | Create | Villager (Male) |
| 8:50 | Create | Villager (Male) |
| 8:50 | Create | Villager (Male) |
| 8:51 | Create | Villager (Male) |
| 8:52 | Create | Villager (Male) |
| 8:52 | Create | Villager (Male) |
| 9:19 | Create | Villager (Male) |
| 9:19 | Create | Villager (Male) |
| 9:22 | Create | Villager (Male) |
| 9:22 | Create | Villager (Male) |
| 9:30 | Create | Villager (Male) |
| 9:31 | Create | Villager (Male) |
| 9:31 | Create | Villager (Male) |
| 10:18 | Create | Villager (Male) |
| 10:18 | Create | Villager (Male) |
| 10:43 | Create | Villager (Male) |
| 10:43 | Create | Villager (Male) |
| 11:24 | Build | Dock |
| 11:26 | Create | Villager (Male) |
| 11:26 | Create | Villager (Male) |
| 11:46 | Build | Farm |
| 12:11 | Build | Farm |
| 12:25 | Create | Fishing Ship |
| 12:25 | Create | Fishing Ship |
| 12:37 | Build | Farm |
| 12:38 | Build | Farm |
| 12:39 | Build | Farm |
| 12:41 | Build | Farm |
| 12:43 | Build | Farm |
| 12:45 | Build | Farm |
| 12:57 | Build | Mining Camp |
| 13:29 | Build | Mining Camp |
| 13:56 | Build | Barracks |
| 14:12 | Create | Villager (Male) |
| 14:42 | Research | Feudal Age |
| 14:49 | Create | Fishing Ship |
| 14:49 | Create | Fishing Ship |
| 14:55 | Create | Fishing Ship |
| 15:04 | Build | House |
| 15:05 | Build | House |
| 15:06 | Build | House |
| 15:14 | Create | Militia |
| 15:15 | Create | Militia |
| 15:15 | Create | Militia |
| 16:52 | Age | Feudal Age |
| 16:52 | Build | House |
| 16:56 | Research | Wheelbarrow |
| 17:03 | Build | Blacksmith |
| 17:13 | Build | Market |
| 18:02 | Research | Horse Collar |
| 19:07 | Research | Castle Age |
| 19:48 | Create | Trade Cart |
| 20:48 | Create | Trade Cart |
| 20:48 | Create | Trade Cart |
| 21:12 | Build | Fish Trap |
| 21:18 | Build | Fish Trap |
| 21:24 | Build | Fish Trap |
| 21:29 | Build | Fish Trap |
| 21:34 | Build | Fish Trap |
| 21:39 | Research | Tech 906 |
| 21:47 | Age | Castle Age |
| 21:54 | Build | Town Center |
Match timeline
| 1:15 | Reeaal Badman · wall_segment Palisade Wall x8 |
| 1:45 | Reeaal Badman · wall_segment Palisade Wall x8 |
| 2:12 | Tsukitech · wall_segment Palisade Wall x5 |
| 2:14 | Tsukitech · wall_segment Palisade Wall x3 |
| 2:20 | Tsukitech · wall_segment Palisade Wall x5 |
| 3:35 | Up1set · wall_segment Palisade Wall x7 |
| 4:05 | Legolas · resign |
| 4:50 | Up1set · wall_segment Palisade Wall x6 |
| 5:42 | Tsukitech · wall_segment Palisade Wall x1 |
| 5:48 | Tsukitech · wall_segment Palisade Wall x1 |
| 6:26 | Tsukitech · wall_segment Palisade Wall x10 |
| 7:09 | Smeagle · wall_segment Palisade Wall x14 |
| 7:24 | 家恒 · first_building Dock |
| 8:34 | Smeagle · wall_segment Palisade Wall x13 |
| 10:18 | Smeagle · wall_segment Palisade Wall x1 |
| 10:49 | Smeagle · wall_segment Palisade Wall x3 |
| 11:24 | ksffvbh · first_building Dock |
| 11:29 | 家恒 · age_up feudal |
| 12:16 | Smeagle · age_up feudal |
| 12:50 | Up1set · age_up feudal |
| 13:56 | ksffvbh · first_building Barracks |
| 14:20 | Reeaal Badman · age_up feudal |
| 14:46 | Reeaal Badman · wall_segment Stone Wall x8 |
| 14:57 | Tsukitech · age_up feudal |
| 15:01 | 家恒 · first_market_sell 100 food |
| 16:11 | Reeaal Badman · first_building Barracks |
| 16:44 | Reeaal Badman · wall_segment Stone Wall x7 |
| 16:52 | ksffvbh · age_up feudal |
| 17:49 | 家恒 · age_up castle |
| 18:01 | Smeagle · first_building Barracks |
| 18:52 | Up1set · age_up castle |
| 18:59 | 喜多川海梦 · age_up feudal |
| 19:19 | Smeagle · age_up castle |
| 20:08 | Up1set · first_building Castle |
| 20:58 | Up1set · first_market_buy 100 wood |
| 21:47 | ksffvbh · age_up castle |
| 22:05 | Tsukitech · age_up castle |
| 22:18 | Tsukitech · first_building Castle |
| 22:20 | Reeaal Badman · age_up castle |
| 22:31 | Tsukitech · first_building Monastery |
[ AI ANALYSIS · 1 CREDIT ]
What really happened in this match?
Wolo.gg analyzes every decision: build order, eco, micro, common mistakes by bracket. Personalized analysis on WhatsApp or Discord in 30 seconds.
Civ guide
Chinese
Map guide
Black Forest
Perfil
喜多川海梦